 Dungeon Sprint DCSS version 0.17-a0-1575-g9a29ec8 (webtiles) character file.

56 nuthulu the Basher (level 8, -1/92 HPs)
             Began as a Troll Berserker on July 26, 2015.
             Was an Elder of Trog.
             Slain by a boulder beetle (42 damage)
             ... in the Dungeon (Sprint VI: "Thunderdome").
             The game lasted 00:03:50 (479 turns).

nuthulu the Basher (Troll Berserker)                 Turns: 479, Time: 00:03:50

Health: -1/92      AC:  5    Str: 29    XL:     8   Next: 17%
Magic:  16/16      EV: 12    Int:  3    God:    Trog [****..]
Gold:   4          SH:  0    Dex:  8    Spells: 0 memorised, 7 levels left

rFire  . . .     SeeInvis .     n - +0 giant spiked club
rCold  + . .     Clarity  .     b - +0 animal skin
rNeg   + + +     SustAt   .     (no shield)
rPois  +         Gourm    +     (helmet restricted)
rElec  .         Spirit   .     (no cloak)
rCorr  .         Warding  .     (gloves unavailable)
rMut   .         Stasis   +     (boots unavailable)
MR     .....                    p - amulet "Tucsir" {Stasis rN++}
Stlth  +.........               q - ring "Mulydin" {rC+ MP+9}
                                o - ring of Demons {+Blink rPois rN+ Str+3 Dex-3} (curse)

@: not resistant to hostile enchantments, very unstealthy
A: unfitting armour, claws 3, fast metabolism 3, gourmand, regeneration 2,
shaggy fur 1, tough skin 2
a: Burn Spellbooks, Berserk, Trog's Hand, Brothers in Arms, Renounce Religion,
Evoke Blink


You were in the Dungeon.
You worshipped Trog.
Trog was greatly pleased with you.
You were not hungry.

You visited 1 branch You collected 280 gold pieces.
You spent 276 gold pieces at shops.

Inventory:

Hand weapons
 a - a +0 mace
 n - a +0 giant spiked club (weapon)
Armour
 b - a +0 animal skin (worn)
Jewellery
 o - the cursed ring of Demons (left claw) {+Blink rPois rN+ Str+3 Dex-3}
   (You bought it in a shop in the Dungeon)

   [ring of dexterity]

   It affects your strength (+3).
   It affects your dexterity (-3).
   It protects you from poison.
   It protects you from negative energy.
   It lets you blink.
   It has a curse placed upon it.
 p - the amulet "Tucsir" (around neck) {Stasis rN++}
   (You bought it in a shop in the Dungeon)

   [amulet of stasis]

   It prevents you from being teleported, slowed, hasted or paralysed.
   It greatly protects you from negative energy.
 q - the ring "Mulydin" (right claw) {rC+ MP+9}
   (You bought it in a shop in the Dungeon)

   [ring of protection from cold]

   It protects you from cold.
   It affects your magic capacity (+9).
Magical devices
 j - a wand of cold (5)
 k - a wand of fire (5)
Scrolls
 i - 4 scrolls of blinking
 l - 3 scrolls of fog
Potions
 d - 4 potions of curing
 e - 4 potions of heal wounds
 f - 3 potions of haste
 g - 2 potions of magic
 h - a potion of berserk rage
 m - a potion of resistance
Comestibles
 c - 2 bread rations


   Skills:
 + Level 9.2 Fighting
 + Level 10.0 Maces & Flails
 + Level 9.2 Dodging


You had 7 spell levels left.
You didn't know any spells.

Dungeon Overview and Level Annotations

Branches:
Dungeon (1/1)

Altars:
Cheibriados
Dithmenos
Fedhas
Gozag
Kikubaaqudgha
Makhleb
Okawaru
Qazlal
Ru
Sif Muna
Trog
Vehumet
Xom
Yredelemnul
Zin
The Shining One
Jiyva
Lugonu

Shops:
D *[%??*?*:[((!!!!


Innate Abilities, Weirdness & Mutations

You are too large for most types of armour.
You have claws for hands.
Your metabolism is lightning-fast.
You like to eat raw meat.
You heal very quickly.
You are covered in fur (AC +1).
You have very tough skin (AC +2).


Message History

Your ogre rages.
Your ogre rages.
Your ogre is no longer berserk.
Your ogre disappears in a puff of smoke!
A boulder beetle comes into view.
The boulder beetle twitches its antennae in your direction.
The boulder beetle curls into a ball and starts rolling! 50...
You hit the boulder beetle but do no damage.
The boulder beetle smashes into you!
The boulder beetle stops rolling.
The boulder beetle bites you.
You bludgeon the boulder beetle!!
The boulder beetle is heavily wounded.
You hit the boulder beetle but do no damage.
The boulder beetle is heavily wounded.
The boulder beetle bites you!
You hit the boulder beetle but do no damage.
The boulder beetle is heavily wounded.
The boulder beetle bites you!!!
You die...

#_........# #_......._#
###.........###
#⌠...........⌠#
######.8.........8.####
##∩_._......###......___
###∩........8.# #.8.......
##.............###.........
#⌠........@.###..)###......
#⌠.......B..# #.<.# #......
#⌠..........###...###......
##.............###.........
###∩........8.# #.8.......
##∩_._......###......_..
######.8...†.....8.####
#⌠...........⌠#
###.........###


You could see a boulder beetle.

Vanquished Creatures
  3 spiders (D)
  2 brain worms (D)
  2 worms (D)
  5 giant cockroaches (D)
12 creatures vanquished.

Vanquished Creatures (collateral kills)
  2 rust devils (D)
  A gargoyle (D)
  An earth elemental (D)
  An iron imp (D)
5 creatures vanquished.

Grand Total: 17 creatures vanquished

Notes
Turn   | Place    | Note
--------------------------------------------------------------
     0 | D        | nuthulu the Troll Berserker began the quest for the Orb.
     0 | D        | Reached XP level 1. HP: 22/22 MP: 0/0
     1 | D        | Found a glowing silver altar of Zin.
     1 | D        | Found a sacrificial altar of Ru.
     2 | D        | Found a shimmering altar of Xom.
     3 | D        | Found a snail-covered altar of Cheibriados.
     3 | D        | Found a corrupted altar of Lugonu.
     4 | D        | Found an ancient bone altar of Kikubaaqudgha.
     4 | D        | Found a basalt altar of Yredelemnul.
     4 | D        | Found Wuaxt's Weapon Rack.
     4 | D        | Found Jivvibbe's Premium Goods.
     5 | D        | Found Nerhal's Basic Armour.
     5 | D        | Found Eki Fil's Miscellaneous Merchandise.
     5 | D        | Round 1.
    24 | D        | Reached skill level 3 in Maces & Flails
    27 | D        | Bought a +0 giant spiked club for 57 gold pieces
    33 | D        | Found Nearghas's Do-It-Yourself Clinic.
    34 | D        | Found Huti's Bottled Wisdom.
    34 | D        | Found Xoeghi's Distillery.
    35 | D        | Found an iron altar of Okawaru.
    35 | D        | Found a stormy altar of Qazlal.
    35 | D        | Found a shadowy altar of Dithmenos.
    35 | D        | Found Omueschy's Distillery.
    41 | D        | Bought 4 potions of curing for 84 gold pieces
    54 | D        | Found a glowing golden altar of the Shining One.
    58 | D        | Found Veruekk's Staff Store.
    59 | D        | Found Dedgh's Must-Have Magic.
    59 | D        | Found Diopicaf's Magic Scroll Shop.
    60 | D        | Found a burning altar of Makhleb.
    60 | D        | Found an opulent altar of Gozag.
    60 | D        | Found a radiant altar of Vehumet.
    60 | D        | Found Feguef's Magic Scroll Shop.
    64 | D        | Found a viscous altar of Jiyva.
    66 | D        | Found a bloodstained altar of Trog.
    67 | D        | Found Tuqidweh's Bee Food.
    68 | D        | Found Wuqocix's Jewellery.
    68 | D        | Found Nupnal's Advanced Armour.
    68 | D        | Found a deep blue altar of Sif Muna.
    68 | D        | Found a blossoming altar of Fedhas.
    68 | D        | Found Iciet's Identification Station.
    73 | D        | Acquired Trog's second power
    74 | D        | Noticed a spider
    80 | D        | Killed a spider
    80 | D        | Reached skill level 4 in Fighting
    80 | D        | Reached skill level 5 in Maces & Flails
    80 | D        | Reached XP level 2. HP: 5/33 MP: 1/1
    80 | D        | Reached XP level 3. HP: 6/41 MP: 2/2
    80 | D        | Reached XP level 4. HP: 7/49 MP: 3/3
    82 | D        | HP: 3/73 [poisoned by a spider]
    84 | D        | HP: 1/49 [poisoned by a spider]
    93 | D        | Reached skill level 5 in Dodging
   110 | D        | Noticed a brain worm
   115 | D        | Killed a brain worm
   115 | D        | Arena points: 14 (+14) [x2]
   115 | D        | Reached skill level 5 in Fighting
   115 | D        | Reached skill level 6 in Maces & Flails
   115 | D        | Reached XP level 5. HP: 39/59 MP: 4/4
   150 | D        | Round 2.
   155 | D        | Bought a twitching lead ring for 45 gold pieces
   155 | D        | Identified the cursed ring of Demons {+Blink rPois rN+ Str+3 Dex-3} (You bought it in a shop in the Dungeon)
   182 | D        | Noticed a spider
   191 | D        | Killed a spider
   191 | D        | Reached skill level 7 in Maces & Flails
   191 | D        | Reached XP level 6. HP: 46/68 MP: 5/5
   194 | D        | Acquired Trog's third power
   301 | D        | Arena points: 56 (+42) [x3]
   301 | D        | Reached skill level 8 in Maces & Flails
   325 | D        | Bought a twitching copper amulet for 45 gold pieces
   325 | D        | Bought a heavily runed wooden ring for 45 gold pieces
   325 | D        | Identified the amulet "Tucsir" {Stasis rN++} (You bought it in a shop in the Dungeon)
   326 | D        | Identified the ring "Mulydin" {rC+ MP+9} (You bought it in a shop in the Dungeon)
   351 | D        | Round 3.
   354 | D        | Noticed a rust devil
   362 | D        | Killed a rust devil
   362 | D        | Reached XP level 7. HP: 77/79 MP: 6/6
   419 | D        | Noticed a rust devil
   419 | D        | Noticed a gargoyle
   432 | D        | Killed a rust devil
   432 | D        | Reached skill level 9 in Maces & Flails
   433 | D        | Killed a gargoyle
   433 | D        | Reached XP level 8. HP: 89/92 MP: 7/7
   447 | D        | Reached skill level 10 in Maces & Flails
   472 | D        | Noticed a boulder beetle
   479 | D        | Slain by a boulder beetle

Vault maps used:
D:        arena_sprint

Action                   |  1- 3 |  4- 6 |  7- 9 || total
-------------------------+-------+-------+-------++-------
Melee: Mace              |    13 |       |       ||    13
       Giant spiked club |     7 |    26 |     6 ||    39
Invok: Berserk           |     1 |       |       ||     1
       Brothers in Arms  |       |     1 |     1 ||     2
  Use: Potion            |       |     2 |       ||     2
  Eat: Chunk             |       |     4 |       ||     4
